| TOP OF THE 1ST |
|
Kansas City Royals batting - Pitching for New York Yankees : LHP Brian Bohanon
|
|
Pitching: LHP Brian Bohanon
|
|
|
Batting: RHB Reggie L. Sanders
|
0-0: Foul Ball, location: 2F 0-1: Foul Ball, location: 2F 0-2: Foul Ball, location: 2F 0-2: Ball 1-2: Foul Ball, location: 2F 1-2: Ball 2-2: Foul Ball, location: 2F 2-2: Foul Ball, location: 2F 2-2: Strikes out looking
|
|
Batting: SHB Quilvio Veras
|
0-0: Reached on error, E9 (Flyball, 89S, EV 85.0 MPH)
|
|
Batting: RHB Barry Larkin
|
0-0: Called Strike 0-1: Foul Ball, location: 2F 0-2: Ball 1-2: SINGLE (Line Drive, 4D, EV 98.1 MPH) Quilvio Veras to second Runner from 2nd tries for 3rd, SAFE, throw by CF made to third
|
|
Batting: LHB Jim Thome
|
0-0: Ball 1-0: Ball 2-0: Called Strike 2-1: Ball 3-1: Called Strike Barry Larkin is caught stealing 2nd base 2-6 3-2: Strikes out swinging
|
| Top of the 1st over - 0 runs, 1 hit, 1 error, 1 left on base; Kansas City 0 - New York 0 |
| BOTTOM OF THE 1ST |
|
New York Yankees batting - Pitching for Kansas City Royals : LHP Denny Neagle
|
|
Pitching: LHP Denny Neagle
|
|
|
Batting: RHB Orlando Cabrera
|
0-0: Ball 1-0: Ground out 6-3 (Groundball, 6, EV 102.5 MPH)
|
|
Batting: LHB Bobby Abreu
|
0-0: Ball 1-0: Ball 2-0: Called Strike 2-1: Ball 3-1: Base on Balls
|
|
Batting: RHB Kazuhiro Kiyohara
|
0-0: Ball 1-0: Ball 2-0: Ball 3-0: Base on Balls Bobby Abreu to second
|
|
Batting: RHB Travis Fryman
|
0-0: Called Strike 0-1: Ball 1-1: Foul Ball, location: 2F 1-2: Strikes out swinging
|
|
Batting: SHB Quinton McCracken
|
0-0: Ball 1-0: SINGLE (Groundball, 4, EV 106.3 MPH) (infield hit) Bobby Abreu to third Kazuhiro Kiyohara to second
|
|
Batting: RHB Ryan Thompson
|
0-0: Ball 1-0: Ball 2-0: Called Strike 2-1: Called Strike 2-2: Strikes out swinging
|
| Bottom of the 1st over - 0 runs, 1 hit, 0 errors, 3 left on base; Kansas City 0 - New York 0 |
| TOP OF THE 2ND |
|
Kansas City Royals batting - Pitching for New York Yankees : LHP Brian Bohanon
|
|
Batting: RHB Richard Hidalgo
|
0-0: Ball 1-0: Swinging Strike 1-1: Swinging Strike 1-2: Strikes out swinging
|
|
Batting: RHB Randy Milligan
|
0-0: Ball 1-0: Swinging Strike 1-1: Foul Ball, location: 2F 1-2: Fly out, F7 (Flyball, 7S, EV 93.1 MPH)
|
|
Batting: RHB Tony Eusebio
|
0-0: Ball 1-0: Swinging Strike 1-1: SINGLE (Line Drive, 78M, EV 90.6 MPH)
|
|
Batting: RHB Andruw Jones
|
0-0: Foul Ball, location: 2F 0-1: Ball 1-1: Ball 2-1: Ball 3-1: Ground out 5-3 (Groundball, 5S, EV 71.9 MPH)
|
| Top of the 2nd over - 0 runs, 1 hit, 0 errors, 1 left on base; Kansas City 0 - New York 0 |
| BOTTOM OF THE 2ND |
|
New York Yankees batting - Pitching for Kansas City Royals : LHP Denny Neagle
|
|
Batting: RHB Mike Gallego
|
0-0: Called Strike 0-1: Fly out, F8 (Flyball, 89M, EV 74.4 MPH)
|
|
Batting: LHB J.R. Phillips
|
0-0: Called Strike 0-1: Foul Ball, location: 2F 0-2: Foul Ball, location: 2F 0-2: Ball 1-2: Ball 2-2: Strikes out swinging
|
|
Batting: LHB Jeff Grotewold
|
0-0: Called Strike 0-1: Ball 1-1: Ball 2-1: Ball 3-1: Base on Balls
|
|
Batting: RHB Orlando Cabrera
|
0-0: Called Strike 0-1: SINGLE (Line Drive, 34D, EV 94.4 MPH) Jeff Grotewold to second Runner from 2nd tries for 3rd, SAFE, throw by RF made to third
|
|
Batting: LHB Bobby Abreu
|
0-0: Foul Ball, location: 2F 0-1: Ground out 4-3 (Groundball, 34, EV 108.1 MPH)
|
| Bottom of the 2nd over - 0 runs, 1 hit, 0 errors, 2 left on base; Kansas City 0 - New York 0 |
| TOP OF THE 3RD |
|
Kansas City Royals batting - Pitching for New York Yankees : LHP Brian Bohanon
|
|
Batting: RHB Tim Naehring
|
0-0: Ball 1-0: Ball 2-0: Foul Ball, location: 2F 2-1: SINGLE (Flyball, 8LS, EV 89.4 MPH)
|
|
Batting: RHB Reggie L. Sanders
|
0-0: Ball 1-0: Swinging Strike 1-1: Swinging Strike 1-2: Strikes out looking
|
|
Batting: SHB Quilvio Veras
|
0-0: Fielders Choice at 2nd, 5-4 (Groundball, 5L, EV 92.5 MPH)
|
|
Batting: RHB Barry Larkin
|
0-0: Ball 1-0: Foul Ball, location: 2F 1-1: Ball 2-1: SINGLE (Groundball, 56D, EV 102.5 MPH) Quilvio Veras to second Runner from 2nd tries for 3rd, SAFE, throw by LF made to third
|
|
Batting: LHB Jim Thome
|
0-0: Called Strike 0-1: Ball 1-1: Ball 2-1: Called Strike 2-2: Strikes out looking
|
| Top of the 3rd over - 0 runs, 2 hits, 0 errors, 2 left on base; Kansas City 0 - New York 0 |
| BOTTOM OF THE 3RD |
|
New York Yankees batting - Pitching for Kansas City Royals : LHP Denny Neagle
|
|
Batting: RHB Kazuhiro Kiyohara
|
0-0: Foul Ball, location: 2F 0-1: Called Strike 0-2: SINGLE (Line Drive, 8RS, EV 91.3 MPH)
|
|
Batting: RHB Travis Fryman
|
0-0: Hit by Pitch Kazuhiro Kiyohara to second
|
|
Batting: SHB Quinton McCracken
|
0-0: Bunted foul 0-1: Bunted foul 0-2: Foul Ball, location: 2F 0-2: Foul Ball, location: 2F 0-2: Foul Ball, location: 2F 0-2: Strikes out swinging
|
|
Batting: RHB Ryan Thompson
|
0-0: Called Strike 0-1: Fly out, F9 (Flyball, 9D, EV 94.4 MPH) Runner from 2nd tags up, SAFE at 3rd, no throw by RF
|
|
Batting: RHB Mike Gallego
|
0-0: Called Strike 0-1: Foul Ball, location: 2F 0-2: Strikes out looking
|
| Bottom of the 3rd over - 0 runs, 1 hit, 0 errors, 2 left on base; Kansas City 0 - New York 0 |
| TOP OF THE 4TH |
|
Kansas City Royals batting - Pitching for New York Yankees : LHP Brian Bohanon
|
|
Batting: RHB Richard Hidalgo
|
0-0: Ball 1-0: Swinging Strike 1-1: Foul Ball, location: 2F 1-2: Foul Ball, location: 2F 1-2: Ball 2-2: Strikes out swinging
|
|
Batting: RHB Randy Milligan
|
0-0: Called Strike 0-1: Ball 1-1: Ball 2-1: Ball 3-1: Base on Balls
|
|
Batting: RHB Tony Eusebio
|
0-0: Called Strike 0-1: Ball 1-1: Swinging Strike 1-2: Ball 2-2: Strikes out swinging
|
|
Batting: RHB Andruw Jones
|
0-0: Ball 1-0: Called Strike 1-1: Swinging Strike 1-2: Fielders Choice at 2nd, 6-4 (Groundball, 6, EV 106.3 MPH)
|
| Top of the 4th over - 0 runs, 0 hits, 0 errors, 1 left on base; Kansas City 0 - New York 0 |
| BOTTOM OF THE 4TH |
|
New York Yankees batting - Pitching for Kansas City Royals : LHP Denny Neagle
|
|
Batting: LHB J.R. Phillips
|
0-0: Ball 1-0: Foul Ball, location: 2F 1-1: Fly out, F8 (Flyball, 8LM, EV 95.0 MPH)
|
|
Batting: LHB Jeff Grotewold
|
0-0: Ball 1-0: Ball 2-0: Ball 3-0: Base on Balls
|
|
Batting: RHB Orlando Cabrera
|
0-0: Called Strike 0-1: Grounds into double play, 5-4-3 (Groundball, 56, EV 98.8 MPH)
|
| Bottom of the 4th over - 0 runs, 0 hits, 0 errors, 0 left on base; Kansas City 0 - New York 0 |
| TOP OF THE 5TH |
|
Kansas City Royals batting - Pitching for New York Yankees : LHP Brian Bohanon
|
|
Batting: RHB Tim Naehring
|
0-0: Foul Ball, location: 2F 0-1: Ball 1-1: Swinging Strike 1-2: Ball 2-2: SINGLE (Groundball, 6D, EV 95.0 MPH)
|
|
Batting: RHB Reggie L. Sanders
|
0-0: Foul Ball, location: 2F 0-1: Foul Ball, location: 2F 0-2: Strikes out looking
|
|
Batting: SHB Quilvio Veras
|
0-0: Ball 1-0: Called Strike 1-1: Fielders Choice at 2nd, 1-6 (Groundball, 34S, EV 70.0 MPH)
|
|
Batting: RHB Barry Larkin
|
0-0: Ball 1-0: Foul Ball, location: 2F 1-1: Called Strike 1-2: Foul Ball, location: 2F 1-2: Ball 2-2: Ball Quilvio Veras steals 2nd base 3-2: Ground out 1-3 (Groundball, 23, EV 86.9 MPH)
|
| Top of the 5th over - 0 runs, 1 hit, 0 errors, 1 left on base; Kansas City 0 - New York 0 |
| BOTTOM OF THE 5TH |
|
New York Yankees batting - Pitching for Kansas City Royals : LHP Denny Neagle
|
|
Batting: LHB Bobby Abreu
|
0-0: Ball 1-0: Ball 2-0: Ball 3-0: Called Strike 3-1: Called Strike 3-2: Base on Balls
|
|
Batting: RHB Kazuhiro Kiyohara
|
0-0: Bunted foul 0-1: Ball 1-1: Bunt missed! 1-2: Ball 2-2: Ball 3-2: Base on Balls Bobby Abreu to second
|
|
Batting: RHB Travis Fryman
|
0-0: Swinging Strike 0-1: Ground out 5-3 (Groundball, 5S, EV 69.4 MPH) Bobby Abreu to third Kazuhiro Kiyohara to second
|
|
Batting: SHB Quinton McCracken
|
0-0: Fly out, F7 (Line Drive, 7, EV 85.6 MPH) Runner from 3rd tags up, SCORES, no throw by LF
|
|
Batting: RHB Ryan Thompson
|
0-0: Swinging Strike 0-1: Fly out, F4 (Popup, 4S, EV 65.6 MPH)
|
| Bottom of the 5th over - 1 run, 0 hits, 0 errors, 1 left on base; Kansas City 0 - New York 1 |
| TOP OF THE 6TH |
|
Kansas City Royals batting - Pitching for New York Yankees : LHP Brian Bohanon
|
|
Batting: LHB Jim Thome
|
0-0: Ball 1-0: Ball 2-0: Foul Ball, location: 2F 2-1: Called Strike 2-2: Ball 3-2: Fly out, F3 (Popup, 3SF, EV 75.6 MPH)
|
|
Batting: RHB Richard Hidalgo
|
0-0: Ball 1-0: Foul Ball, location: 2F 1-1: Fly out, F8 (Flyball, 8RXD, EV 100.6 MPH)
|
|
Batting: RHB Randy Milligan
|
0-0: Ball 1-0: Ball 2-0: Fly out, F4 (Popup, 23, EV 88.1 MPH)
|
| Top of the 6th over - 0 runs, 0 hits, 0 errors, 0 left on base; Kansas City 0 - New York 1 |
| BOTTOM OF THE 6TH |
|
New York Yankees batting - Pitching for Kansas City Royals : LHP Denny Neagle
|
|
Batting: RHB Mike Gallego
|
0-0: Ball 1-0: Fly out, F5 (Line Drive, 5, EV 75.6 MPH)
|
|
Batting: LHB J.R. Phillips
|
0-0: Ball 1-0: Ball 2-0: Swinging Strike 2-1: Ball 3-1: Called Strike 3-2: Strikes out swinging
|
|
Batting: LHB Jeff Grotewold
|
0-0: Called Strike 0-1: Ball 1-1: Swinging Strike 1-2: Ball 2-2: Strikes out looking
|
| Bottom of the 6th over - 0 runs, 0 hits, 0 errors, 0 left on base; Kansas City 0 - New York 1 |
| TOP OF THE 7TH |
|
Kansas City Royals batting - Pitching for New York Yankees : LHP Brian Bohanon
|
|
Batting: RHB Tony Eusebio
|
0-0: Called Strike 0-1: Fly out, F8 (Flyball, 8RM, EV 81.3 MPH)
|
|
Batting: RHB Andruw Jones
|
0-0: Ball 1-0: Foul Ball, location: 2F 1-1: Ball 2-1: Foul Ball, location: 2F 2-2: Ball 3-2: Fly out, F7 (Flyball, 7D, EV 99.4 MPH)
|
|
Batting: RHB Tim Naehring
|
0-0: Ball 1-0: Ball 2-0: Foul Ball, location: 2F 2-1: Ball 3-1: Base on Balls
|
|
Batting: RHB Reggie L. Sanders
|
0-0: Ball 1-0: Foul Ball, location: 2F 1-1: Called Strike 1-2: Ball 2-2: Ball 3-2: Base on Balls Tim Naehring to second
|
|
Pitching: RHP Lee Smith
|
|
|
Batting: SHB Quilvio Veras
|
0-0: 3-RUN HOME RUN (Flyball, 7D, EV 98.1 MPH), Distance : 379 ft
|
|
Batting: RHB Barry Larkin
|
0-0: Called Strike 0-1: Ball 1-1: Fly out, F8 (Flyball, 8RS, EV 90.6 MPH)
|
| Top of the 7th over - 3 runs, 1 hit, 0 errors, 0 left on base; Kansas City 3 - New York 1 |
| BOTTOM OF THE 7TH |
|
New York Yankees batting - Pitching for Kansas City Royals : LHP Denny Neagle
|
|
Batting: RHB Orlando Cabrera
|
0-0: Ball 1-0: Ball 2-0: Ground out 4-3 (Groundball, 4, EV 87.5 MPH)
|
|
Batting: LHB Bobby Abreu
|
0-0: Called Strike 0-1: Swinging Strike 0-2: Strikes out swinging
|
|
Batting: RHB Kazuhiro Kiyohara
|
0-0: Ball 1-0: Foul Ball, location: 2F 1-1: Ball 2-1: Foul Ball, location: 2F 2-2: Ground out 5-3 (Groundball, 5, EV 89.4 MPH)
|
| Bottom of the 7th over - 0 runs, 0 hits, 0 errors, 0 left on base; Kansas City 3 - New York 1 |
| TOP OF THE 8TH |
|
Kansas City Royals batting - Pitching for New York Yankees : RHP Lee Smith
|
|
Pitching: RHP Jose Mesa
|
|
|
Batting: LHB Jim Thome
|
0-0: Swinging Strike 0-1: Ball 1-1: Foul Ball, location: 2F 1-2: Ball 2-2: SOLO HOME RUN (Flyball, 7LD, EV 100.0 MPH), Distance : 326 ft
|
|
Batting: RHB Richard Hidalgo
|
0-0: Called Strike 0-1: Ball 1-1: Ball 2-1: Called Strike 2-2: Strikes out swinging, 2-3 out at first.
|
|
Batting: RHB Randy Milligan
|
0-0: Foul Ball, location: 2F 0-1: Foul Ball, location: 2F 0-2: Fly out, F7 (Line Drive, 7, EV 93.8 MPH)
|
|
Batting: RHB Tony Eusebio
|
0-0: Foul Ball, location: 2F 0-1: Swinging Strike 0-2: Ball 1-2: Ball 2-2: Ball 3-2: Fly out, F6 (Line Drive, 6, EV 62.5 MPH)
|
| Top of the 8th over - 1 run, 1 hit, 0 errors, 0 left on base; Kansas City 4 - New York 1 |
| BOTTOM OF THE 8TH |
|
New York Yankees batting - Pitching for Kansas City Royals : LHP Denny Neagle
|
|
Batting: RHB Travis Fryman
|
0-0: Called Strike 0-1: Ball 1-1: Ball 2-1: Fly out, F6 (Popup, 6MD, EV 50.0 MPH)
|
|
Batting: SHB Quinton McCracken
|
0-0: Fly out, F7 (Flyball, 7, EV 88.8 MPH)
|
|
Batting: RHB Ryan Thompson
|
0-0: Ball 1-0: Called Strike 1-1: Ball 2-1: Fly out, F9 (Flyball, 89M, EV 94.4 MPH)
|
| Bottom of the 8th over - 0 runs, 0 hits, 0 errors, 0 left on base; Kansas City 4 - New York 1 |
| TOP OF THE 9TH |
|
Kansas City Royals batting - Pitching for New York Yankees : RHP Jose Mesa
|
|
Batting: RHB Andruw Jones
|
0-0: Ball 1-0: Ball 2-0: Ball 3-0: Called Strike 3-1: Called Strike 3-2: Base on Balls
|
|
Pitching: RHP Andy Ashby
|
|
|
Batting: RHB Tim Naehring
|
0-0: Ball 1-0: Ball 2-0: Bunted foul 2-1: Bunt missed! 2-2: Foul Ball, location: 2F 2-2: Strikes out swinging
|
|
Batting: RHB Reggie L. Sanders
|
0-0: Ball 1-0: Called Strike 1-1: Called Strike 1-2: Strikes out swinging
|
|
Batting: SHB Quilvio Veras
|
0-0: Ground out 6-3 (Groundball, 6S, EV 79.4 MPH)
|
| Top of the 9th over - 0 runs, 0 hits, 0 errors, 1 left on base; Kansas City 4 - New York 1 |
| BOTTOM OF THE 9TH |
|
New York Yankees batting - Pitching for Kansas City Royals : LHP Denny Neagle
|
|
Batting: RHB Mike Gallego
|
0-0: Called Strike 0-1: Foul Ball, location: 2F 0-2: Ball 1-2: Strikes out swinging
|
|
Batting: LHB J.R. Phillips
|
0-0: Ball 1-0: Ball 2-0: Called Strike 2-1: Called Strike 2-2: Foul Ball, location: 2F 2-2: Foul Ball, location: 2F 2-2: Ball 3-2: Strikes out swinging
|
|
Batting: LHB Jeff Grotewold
|
0-0: Foul Ball, location: 2F 0-1: Ball 1-1: Ball 2-1: Foul Ball, location: 2F 2-2: Ball 3-2: Foul Ball, location: 2F 3-2: Ground out U3 (Groundball, 34, EV 85.0 MPH)
|
| Bottom of the 9th over - 0 runs, 0 hits, 0 errors, 0 left on base; Kansas City 4 - New York 1 |
|